 Dungeon Crawl Stone Soup version 0.23-a0-332-g9fe5f1002e (webtiles) character file.

43 Mesh the Vexing (level 3, -7/16 HPs)
             Began as a Spriggan Enchanter on Oct 17, 2018.
             Killed by divine providence
             ... invoked by an orc priest
              (15 damage)
             ... on level 2 of the Dungeon.
             The game lasted 00:08:18 (2635 turns).

Mesh the Vexing (Spriggan Enchanter)                Turns: 2635, Time: 00:08:19

Health: -7/16      AC:  3    Str:  4    XL:     3   Next: 37%
Magic:  9/9        EV: 18    Int: 17    God:
Gold:   56         SH:  0    Dex: 16    Spells: 0/9 levels left

rFire    + . .     SeeInvis +   a - +1 dagger
rCold    + . .     Gourm    .   (shield restricted)
rNeg     . . .     Faith    .   b - +1 robe
rPois    +         Spirit   .   (helmet restricted)
rElec    +         Reflect  .   (no cloak)
rCorr    +         Harm     .   (gloves unavailable)
MR       .....                  (boots unavailable)
Stlth    +++.......             (no amulet)
HPRegen  0.05/turn              (no ring)
MPRegen  0.11/turn              (no ring)

@: resistant, very slightly contaminated, very quick
A: very small, unfitting armour, see invisible, herbivore, speed 3, slow
metabolism 2
a: no special abilities


You were on level 2 of the Dungeon.
You were not hungry.

You visited 1 branch of the dungeon, and saw 2 of its levels.

You collected 56 gold pieces.

Inventory:

Hand Weapons
 a - a +1 dagger (weapon)
Armour
 b - a +1 robe (worn)
Jewellery
 c - an uncursed ring of fire
 i - an uncursed ring of ice
Potions
 e - a potion of resistance
 f - a potion of curing
 g - 5 potions of heal wounds
Comestibles
 d - 2 rations


   Skills:
 - Level 1.1 Short Blades
 - Level 3.0 Dodging
 - Level 4.4 Stealth
 + Level 3.9 Spellcasting
 + Level 4.6 Hexes


You couldn't memorise any spells.
You knew the following spells:

 Your Spells              Type           Power        Failure   Level  Hunger
a - Ensorcelled Hibernat  Hex/Ice        ##....       10%         2    ##.....
b - Corona                Hex            ###....      2%          1    None
c - Confuse               Hex            ###.....     7%          3    ###....
d - Tukima's Dance        Hex            ###.....     7%          3    ###....

Your spell library contained the following spells:

 Spells                   Type           Power        Failure   Level  Hunger
 Dazzling Spray           Conj/Hex       ##....       19%         3    ###....


Dungeon Overview and Level Annotations

Branches:
Dungeon (2/15)

Altars:


Innate Abilities, Weirdness & Mutations

You are very small and have problems with some larger weapons.
You are too small for most types of armour.
You have supernaturally acute eyesight. (SInv)
You are a herbivore.
You cover ground extremely quickly.
You need to consume almost no food.


Message History

The orc wizard hits you but does no damage.
Casting: Ensorcelled Hibernation (safe; 10% risk of failure)
Confirm with . or Enter, or press ? or * to list all spells.
Aiming: Ensorcelled Hibernation (safe; 10% risk of failure)
Press: ? - help, Shift-Dir - straight line, f/p - orc wizard
Aim: an orc wizard, wielding a +0 dagger of electrocution and wearing a +0 robe You miscast Ensorcelled Hibernation.
You are very lightly contaminated with residual magic.
You feel a bit tired. The orc wizard closely misses you.
Casting: Ensorcelled Hibernation (safe; 10% risk of failure)
Confirm with . or Enter, or press ? or * to list all spells.
You don't have enough magic to cast that spell.
Unknown command.
It was a potion of resistance.
You feel protected.
It was a potion of magic.
Magic courses through your body.
The orc priest calls down the wrath of Beogh upon you.
Beogh smites you!
Ouch! That really hurt!
You die...

.......#
.##.####
###
..รท....#
..#
.##.####
#.# .#..#
#o# ..#.#
#o# <##)#
#o# .##.#
#o# .##.#
#@# .##.#
#.# ..#.#
#.# ....#
#.# ..###
#.# .##
#.# .#
#.# .#
#.# .#
#.#


You could see an orc priest, an orc wizard and 2 orcs.

Vanquished Creatures
  An adder (D:2)
  A ball python (D:1)
  A giant cockroach (D:1)
  2 goblins (D:2)
  7 hobgoblins
  4 jackals (D:1)
  2 kobolds (D:2)
  5 bats
  3 frilled lizards
  A jackal zombie (D:1)
  A quokka zombie (D:1)
  4 rats (D:1)
32 creatures vanquished.

Notes
Turn   | Place    | Note
-------+----------+-------------------------------------------
     0 | D:1      | Mesh the Spriggan Enchanter began the quest for the Orb.
     0 | D:1      | Reached XP level 1. HP: 9/9 MP: 5/5
  1094 | D:1      | Reached XP level 2. HP: 13/13 MP: 4/7
  1098 | D:1      | Learned a level 2 spell: Ensorcelled Hibernation
  2168 | D:2      | Reached XP level 3. HP: 16/16 MP: 6/9
  2180 | D:2      | Learned a level 3 spell: Confuse
  2184 | D:2      | Learned a level 3 spell: Tukima's Dance
  2635 | D:2      | Killed from afar by an orc priest

Vault maps used:
D:1:      saegor_arrival_fortress
D:2:      zin_angel

Skill      XL: |  1 |
---------------+----+-----
Spellcasting   | 3 |  3.9
Hexes          | 4 |  4.6
Short Blades   | |  1.1
Dodging        | |  3.0
Stealth        | |  4.4

Action                   || total
-------------------------++-------
Melee: Dagger            ||   117
 Cast: Corona            ||     5
       Ensorcelled Hiber ||    16
  Use: Scroll            ||     6
       Potion            ||     2
 Stab: Sleeping          ||    16
Armor: Robe              ||    17
Dodge: Dodged            ||    96

Table legend:
 A = Non-vault XP
 B = Vault XP
 C = Vault XP percentage of total XP
 D = Non-vault monster count
 E = Vault monster count
 F = Vault count percentage of total count
                 A         B        C        D         E       F
            +---------+---------+-------+---------+---------+-------
      Total |      60 |       2 |   3.2 |      30 |       2 |   6.2
            +---------+---------+-------+---------+---------+-------
        D:1 |      28 |       2 |   6.7 |      18 |       2 |  10.0
        D:2 |      32 |       0 |   0.0 |      12 |       0 |   0.0
            +---------+---------+-------+---------+---------+-------
